 Dungeon Sprint DCSS version 0.27-a0-29-g2d0a2396b0 (webtiles) character file.

Game seed: 17527064691611907837

26044 mhtbhm the Minotaur Blade (level 12, -4/130 HPs)
             Began as a Minotaur Fighter on Jan 3, 2021.
             Was the Champion of the Shining One.
             Slain by a fenstrider witch (16 damage)
             ... while paralysed by a fenstrider witch
             ... in the Dungeon (Sprint IX: "|||||||||||||||||||||||||||||").
             The game lasted 00:06:21 (2483 turns).

mhtbhm the Minotaur Blade (Minotaur Fighter)        Turns: 2483, Time: 00:06:21

Health: -4/130     AC: 21    Str: 24    XL:     12   Next: 94%
Magic:  11/11      EV:  2    Int:  5    God:    the Shining One [******]
Gold:   1073       SH:  0    Dex: 16    Spells: 11/11 levels left

rFire    . . .     SeeInvis .   a - +3 scimitar (flame)
rCold    . . .     Faith    .   c - +1 tower shield
rNeg     + + +     Spirit   .   b - +2 scale mail "Rumonut" {+Blink Dex+4 Slay+6}
rPois    +         Reflect  .   s - +2 hat
rElec    .         Harm     .   y - +0 cloak
rCorr    .         Rampage  .   n - +0 pair of gloves
Will     .....     NoTele   +   o - +0 pair of boots
Stlth    +.........             (no amulet)
HPRegen  0.31/turn              p - +2 ring of protection
MPRegen  0.12/turn              D - ring of poison resistance

@: paralysed, lethally poisoned (-4 -> -9), glowing, very slow
A: retaliatory headbutt, horns 2
a: Renounce Religion, Evoke Blink, Divine Shield, Cleansing Flame, Summon Divine
Warrior, Brand Weapon With Holy Wrath


You were in the Dungeon.
You worshipped the Shining One.
The Shining One was exalted by your worship.
You visited 1 branch You collected 1928 gold pieces.
You spent 855 gold pieces at shops.

Inventory:

Hand Weapons
 a - a +3 scimitar of flaming (weapon)
Missiles
 B - 3 silver javelins (quivered)
Armour
 b - the +2 scale mail "Rumonut" (worn) {+Blink Dex+4 Slay+6}
   (You found it in the Dungeon)

   It affects your dexterity (+4).
   It affects your accuracy and damage with ranged weapons and melee attacks
   (+6).
   It lets you blink.
 c - a +1 tower shield (worn)
 n - a +0 pair of gloves (worn)
 o - a +0 pair of boots (worn)
 s - a +2 hat (worn)
 y - a +0 cloak (worn)
Jewellery
 p - a +2 ring of protection (left hand)
 D - a ring of poison resistance (right hand)
 F - an uncursed ring of willpower
Wands
 m - a wand of iceblast (10)
 x - a wand of polymorph (9)
 C - a wand of disintegration (8)
Scrolls
 j - 6 scrolls of blinking
 k - 3 scrolls of remove curse
 l - 2 scrolls of amnesia
 q - 4 scrolls of enchant weapon
 u - 2 scrolls of identify
 v - 2 scrolls of enchant armour
 w - 2 scrolls of fog
 E - a scroll of fear
Potions
 d - 2 potions of might
 e - 7 potions of curing
 f - 7 potions of heal wounds
 g - 2 potions of haste
 h - 4 potions of magic
 i - 4 potions of berserk rage
 r - 2 potions of lignification {unknown}
 t - a potion of mutation
 z - 2 potions of resistance


   Skills:
 + Level 19.1 Fighting
 + Level 21.5 Long Blades
 + Level 15.4 Armour
 + Level 9.1 Dodging
 + Level 2.5 Stealth
 + Level 18.5 Shields
 + Level 2.6 Evocations


You had 11 spell levels left.
You didn't know any spells.
Your spell library was empty.

Dungeon Overview and Level Annotations

Branches:
Dungeon (1/1)

Altars:
Cheibriados
Dithmenos
Elyvilon
Fedhas
Gozag
Hepliaklqana
Kikubaaqudgha
Makhleb
Nemelex Xobeh
Okawaru
Qazlal
Ru
Sif Muna
Trog
Uskayaw
Vehumet
Wu Jian
Xom
Yredelemnul
Zin
The Shining One
Beogh
Jiyva
Lugonu

Shops:
D }*([


Innate Abilities, Weirdness & Mutations

You reflexively headbutt those who attack you in melee.
You have a pair of horns on your head.


Message History

You suddenly lose the ability to move!
The fenstrider witch hits you but does no damage.
The fenstrider witch barely misses you. The fenstrider witch hits you.
* * * LOW HITPOINT WARNING * * *
The fenstrider witch kicks you but does no damage.
The fenstrider witch points at you and mumbles some strange words.
The toxic sludge hits you.
You are poisoned.
You partially resist.
* * * LOW HITPOINT WARNING * * *
Splash!
You fall into the toxic bog.
Moving in this stuff is going to be slow.
You fester in the toxic bog.
You partially resist.
You are more poisoned.
You feel sick.
The fenstrider witch hits you but does no damage.
The fenstrider witch kicks you!
You die...

......))))))))).....')(..)).....)
▓▓▓▓▓▓▓▓▓▓▓▓▓▓▓▓▓▓▓▓▓▓▓▓▓▓▓▓▓▓▓▓▓
.................................
▓▓▓▓▓▓▓▓▓▓▓▓▓▓▓▓▓▓▓▓▓▓▓▓▓▓▓▓▓▓▓▓▓
..'.=[.=)))))))).[[[[[[[[.(..).).
▓▓▓▓▓▓▓▓▓▓▓▓▓▓▓▓▓▓▓▓▓▓▓▓▓▓▓▓▓▓▓▓▓
.................................
▓▓▓▓▓▓▓▓▓▓▓▓▓▓▓▓▓▓.♣♣♣♣♣♣♣♣♣▓▓▓▓▓
........††......@HR.......
▓▓▓▓▓▓▓▓▓▓▓▓▓▓▓▓▓▓..♣♣♣♣♣♣ ....
▓▓▓▓▓


You could see an eleionoma and a fenstrider witch.

Vanquished Creatures
  Gastronok (D)
  Kirke (D)
  A frost giant (D)
  A bunyip (D)
  Erolcha (D)
  A rakshasa (D)
  2 ice dragons (D)
  A hydra (D)
  Erica (D)
  An alligator (D)
  A tengu warrior (D)
  A vampire mage (D)
  3 orc high priests (D)
  A goliath frog (D)
  2 spriggan druids (D)
  4 orc knights (D)
  An orb spider (D)
  4 orc sorcerers (D)
  A manticore (D)
  A wolf spider (D)
  A cane toad (D)
  2 demonic crawlers (D)
  A yaktaur (D)
  A komodo dragon (shapeshifter) (D)
  A komodo dragon (D)
  2 polar bears (D)
  2 jumping spiders (D)
  A blink frog (D)
  A blink frog (shapeshifter) (D)
  A shadow (D)
  3 tarantellas (D)
  A vampire (D)
  A wraith (D)
  2 yaks (D)
  A basilisk (D)
  3 hogs (D)
  A vampire mosquito (D)
  A steam dragon (D)
  2 wargs (D)
  3 hell hounds (D)
  4 water moccasins (D)
  13 orc warriors (D)
  3 wolves (D)
  5 bullfrogs (D)
  A scorpion (D)
  2 howler monkeys (D)
  5 orc priests (D)
  A jelly (D)
  An orc wizard (D)
  3 worker ants (D)
  A white imp (D)
  An adder skeleton (D)
  12 orcs (D)
  4 bat skeletons (D)
  2 giant cockroaches (D)
  A bat (D)
  A giant cockroach zombie (D)
  A kobold (D)
  A rat (D)
123 creatures vanquished.

Vanquished Creatures (others)
  A bloated husk (D)
1 creature vanquished.

Grand Total: 124 creatures vanquished

Notes
Turn   | Place    | Note
-------+----------+-------------------------------------------
     0 | D        | mhtbhm the Minotaur Fighter began the quest for the Orb.
     0 | D        | Reached XP level 1. HP: 19/19 MP: 0/0
     1 | D        | Banished a spatial maelstrom
    16 | D        | Noticed a worker ant
    16 | D        | Noticed a howler monkey
    16 | D        | Noticed an orc wizard
    26 | D        | Killed a worker ant
    27 | D        | Reached skill level 5 in Fighting
    27 | D        | Reached skill level 3 in Long Blades
    27 | D        | Reached skill level 5 in Armour
    27 | D        | Reached skill level 5 in Shields
    27 | D        | Reached XP level 2. HP: 28/29 MP: 1/1
    27 | D        | Reached XP level 3. HP: 35/36 MP: 2/2
    34 | D        | Reached skill level 4 in Long Blades
    36 | D        | Reached XP level 4. HP: 37/44 MP: 3/3
    45 | D        | Reached skill level 5 in Long Blades
    51 | D        | Found a roughly hewn altar of Beogh.
    51 | D        | Found a snail-covered altar of Cheibriados.
    51 | D        | Found a shadowy altar of Dithmenos.
    51 | D        | Found a white marble altar of Elyvilon.
    51 | D        | Found a blossoming altar of Fedhas.
    51 | D        | Found an opulent altar of Gozag.
    52 | D        | Found a hazy altar of Hepliaklqana.
    53 | D        | Found a viscous altar of Jiyva.
    54 | D        | Found an ancient bone altar of Kikubaaqudgha.
    55 | D        | Found a corrupted altar of Lugonu.
    56 | D        | Found a burning altar of Makhleb.
    57 | D        | Found a sparkling altar of Nemelex Xobeh.
    58 | D        | Found an iron altar of Okawaru.
    59 | D        | Found a stormy altar of Qazlal.
    60 | D        | Found a sacrificial altar of Ru.
    61 | D        | Found a shimmering blue altar of Sif Muna.
    62 | D        | Found a bloodstained altar of Trog.
    63 | D        | Found a hide-covered altar of Uskayaw.
    64 | D        | Found a radiant altar of Vehumet.
    65 | D        | Found an ornate altar of the Wu Jian Council.
    66 | D        | Found a shimmering altar of Xom.
    67 | D        | Found a basalt altar of Yredelemnul.
    68 | D        | Found a glowing silver altar of Zin.
    69 | D        | Found a glowing golden altar of the Shining One.
    77 | D        | Became a worshipper of the Shining One
   133 | D        | Reached * piety under the Shining One
   133 | D        | Noticed a wraith
   140 | D        | Reached skill level 6 in Long Blades
   140 | D        | Reached XP level 5. HP: 50/52 MP: 4/4
   142 | D        | Reached skill level 7 in Long Blades
   142 | D        | Reached skill level 1 in Dodging
   152 | D        | Killed a wraith
   152 | D        | Reached ** piety under the Shining One
   153 | D        | Reached skill level 9 in Long Blades
   153 | D        | Reached XP level 6. HP: 62/62 MP: 5/5
   162 | D        | Noticed a tengu warrior
   162 | D        | Reached *** piety under the Shining One
   162 | D        | Noticed a shadow
   162 | D        | Reached **** piety under the Shining One
   172 | D        | Killed a tengu warrior
   173 | D        | Reached skill level 10 in Fighting
   173 | D        | Reached skill level 12 in Long Blades
   173 | D        | Reached skill level 10 in Armour
   173 | D        | Reached skill level 1 in Stealth
   173 | D        | Reached XP level 7. HP: 37/72 MP: 6/6
   182 | D        | Killed a shadow
   183 | D        | Reached XP level 8. HP: 47/79 MP: 7/7
   184 | D        | Reached ***** piety under the Shining One
   324 | D        | Noticed Erolcha
   331 | D        | Killed Erolcha
   332 | D        | Reached skill level 14 in Long Blades
   332 | D        | Reached skill level 10 in Shields
   585 | D        | Noticed Gastronok
   605 | D        | Killed Gastronok
   606 | D        | Reached skill level 16 in Long Blades
   606 | D        | Reached XP level 9. HP: 59/90 MP: 8/8
   766 | D        | Noticed a komodo dragon
   772 | D        | Killed a komodo dragon
   778 | D        | Reached XP level 10. HP: 79/99 MP: 9/9
   791 | D        | Reached skill level 17 in Long Blades
   875 | D        | Noticed a cane toad
   875 | D        | Reached ****** piety under the Shining One
   905 | D        | Killed a cane toad
   943 | D        | Reached skill level 18 in Long Blades
  1117 | D        | Noticed Erica
  1126 | D        | Killed Erica
  1127 | D        | Reached skill level 5 in Dodging
  1267 | D        | Noticed an orc high priest
  1267 | D        | Noticed an orc sorcerer
  1274 | D        | Reached XP level 11. HP: 111/111 MP: 10/10
  1277 | D        | Noticed an orc knight
  1279 | D        | Noticed a sixfirhy
  1279 | D        | Killed an orc high priest
  1280 | D        | Reached skill level 15 in Fighting
  1282 | D        | Killed an orc sorcerer
  1292 | D        | Killed an orc knight
  1303 | D        | Reached skill level 19 in Long Blades
  1474 | D        | Found Keyquk's Gadget Emporium.
  1474 | D        | Noticed an orc high priest
  1474 | D        | Noticed an orc sorcerer
  1474 | D        | Noticed an orc sorcerer
  1474 | D        | Noticed an orc sorcerer
  1475 | D        | Noticed an orc knight
  1480 | D        | Noticed a sixfirhy
  1481 | D        | Killed an orc high priest
  1483 | D        | Killed an orc sorcerer
  1484 | D        | Found Ciroto's General Store.
  1488 | D        | Killed an orc sorcerer
  1493 | D        | Killed an orc sorcerer
  1496 | D        | Noticed an orc high priest
  1499 | D        | Killed an orc knight
  1503 | D        | Found Wuacuko's Weapon Emporium.
  1508 | D        | Killed an orc high priest
  1509 | D        | Reached skill level 15 in Shields
  1596 | D        | Found Reikyzuh's Armour Shoppe.
  1601 | D        | Noticed an orc knight
  1602 | D        | Noticed an orc knight
  1614 | D        | Killed an orc knight
  1622 | D        | Killed an orc knight
  1788 | D        | Bought a wand of acid (4) for 208 gold pieces
  1790 | D        | Bought a potion of resistance for 140 gold pieces
  1790 | D        | Bought a potion of heal wounds for 70 gold pieces
  1790 | D        | Bought a scroll of identify for 28 gold pieces
  1790 | D        | Bought 3 silver javelins for 100 gold pieces
  1790 | D        | Bought a potion of haste for 140 gold pieces
  1792 | D        | Bought a wand of disintegration (9) for 169 gold pieces
  1949 | D        | Got the +2 scale mail "Rumonut" {+Blink Dex+4 Slay+6}
  1989 | D        | Reached skill level 20 in Long Blades
  1990 | D        | Noticed an ice dragon
  1994 | D        | Noticed a rakshasa
  1997 | D        | Noticed an ice dragon
  2006 | D        | Killed an ice dragon
  2011 | D        | Noticed a frost giant
  2014 | D        | Noticed a vampire mage
  2015 | D        | Killed an ice dragon
  2016 | D        | Reached XP level 12. HP: 52/125 MP: 11/11
  2024 | D        | Killed a rakshasa
  2059 | D        | Killed a frost giant
  2060 | D        | Reached skill level 15 in Armour
  2060 | D        | Reached skill level 1 in Evocations
  2063 | D        | Killed a vampire mage
  2286 | D        | Noticed Kirke
  2299 | D        | Killed Kirke
  2300 | D        | Reached skill level 21 in Long Blades
  2443 | D        | Noticed an alligator
  2443 | D        | Noticed a bunyip
  2443 | D        | Noticed a fenstrider witch
  2451 | D        | Killed an alligator
  2451 | D        | Noticed a four-headed hydra
  2452 | D        | Noticed an eleionoma
  2464 | D        | Killed a bunyip
  2469 | D        | Killed a one-headed hydra
  2474 | D        | Paralysed by a fenstrider witch for 2 turns
  2480 | D        | Paralysed by a fenstrider witch for 4 turns
  2483 | D        | Slain by a fenstrider witch

Illustrated notes

Levels and vault maps discovered:
D:        linesprint [early_d, line_temple, items_1, d_10, items_2, lair_1,
          lair_end, items_3, orc_1, orc_end, items_4, d_15, swamp_1, shoals_1,
          snake_1, spider_1, d_20, vaults_1, items_5, swamp_end, shoals_end,
          snake_end, spider_end, vaults_end, d_27, items_6, zot_1, zot_end,
          crypt_end, forest_end, elf_end, slime_end, tomb_end, abyss_end,
          pan_hell_end]

Skill      XL: |  1  2  3  4  5  6  7  8  9 10 11 12 |
---------------+-------------------------------------+-----
Fighting       | 5 6 7 8 10 12 14 17 19 | 19.1
Armour         | 5 6 7 9 10 11 13 14 15 | 15.4
Shields        | 5 6 7 8 9 11 13 15 18 | 18.5
Long Blades    | 3 4 6 9 12 16 18 20 21 | 21.5
Dodging        | 1 2 4 5 6 9 |  9.1
Stealth        | 1 2 |  2.5
Evocations     | 2 |  2.6

Action                   |  1- 3 |  4- 6 |  7- 9 | 10-12 || total
-------------------------+-------+-------+-------+-------++-------
Melee: Long sword        |    24 |     9 |       |       ||    33
       Headbutt          |     4 |     8 |    14 |    60 ||    86
       Scimitar          |       |    27 |    39 |   319 ||   385
Evoke: Wand              |       |       |       |     5 ||     5
  Use: Potion            |     1 |     1 |       |     1 ||     3
Armor: Scale mail        |     8 |     4 |       |    26 ||    38
       Chain mail        |       |     7 |     8 |    33 ||    48
Dodge: Dodged            |     8 |     8 |     4 |    53 ||    73
Block: Kite shield       |     8 |    16 |     5 |    83 ||   112
       Tower shield      |       |       |       |   135 ||   135
       Rpst.: Long sword |     4 |       |       |       ||     4
       Scimitar          |       |     1 |     1 |    12 ||    14

Table legend: (Time is in decaauts)
 A = Elapsed time spent in this place.
 B = Non-inter-level travel time spent in this place.
 C = Inter-level travel time spent in this place.
 D = Time resting spent in this place.
 E = Time spent auto-exploring this place.
 F = Levels seen in this place.
 G = Mean time per level.
                   A        B        C        D        E       F      G
               +--------+--------+--------+--------+--------+-----+--------+
         Total |   2431 |   2431 |      0 |    686 |    750 |   1 | 2431.0 |
       Dungeon |   2431 |   2431 |      0 |    686 |    750 |   1 | 2431.0 |
               +--------+--------+--------+--------+--------+-----+--------+

Top non-repeatable levels by time:
       D: 2431 daAuts
